 Dungeon Crawl Stone Soup version 0.18-a0-1120-g03bd624 (webtiles) character file.

2366 wvc the Transmogrifier (level 9, -2/73 HPs)
             Began as a Naga Transmuter on Jan 17, 2016.
             Was a Follower of Cheibriados.
             Slain by a centaur
             ... wielding a +0 short sword
              (11 damage)
             ... on level 7 of the Dungeon.
             The game lasted 00:18:25 (10088 turns).

wvc the Transmogrifier (Naga Transmuter)           Turns: 10088, Time: 00:18:26

Health: -2/73      AC:  2    Str: 16    XL:     9   Next: 44%
Magic:  14/16      EV: 20    Int: 20    God:    Cheibriados [*.....]
Gold:   172        SH:  0    Dex: 19    Spells: 4 memorised, 5 levels left

rFire  . . .     SeeInvis +       - Unarmed
rCold  . . .     Gourm    .     (armour currently unavailable)
rNeg   . . .     Faith    .     (shield currently unavailable)
rPois  .         Spirit   .     (helmet currently unavailable)
rElec  .         Dismiss  .     (cloak currently unavailable)
rCorr  .         Reflect  .     (gloves currently unavailable)
SustAt .         Harm     .     (no barding)
MR     +....                    (no amulet)
Stlth  ++........               (no ring)
                                n - ring of poison resistance

@: spider-form, very slow, somewhat resistant to hostile enchantments,
unstealthy
A: (icy blue scales 0), see invisible, (deformed body), (poison resistance),
(slowness 0), slow metabolism 1, spit poison 2, AC +3
a: Spit Poison, End Transformation, Bend Time, Renounce Religion


You were on level 7 of the Dungeon.
You worshipped Cheibriados.
Cheibriados was aware of your devotion.
You were very hungry.
You were a venomous arachnid creature.
You visited 2 branches of the dungeon, and saw 8 of its levels.

You collected 319 gold pieces.
You spent 147 gold pieces at shops.

Inventory:

Missiles
 a - 202 arrows
 p - 13 poisoned needles
 r - 11 poisoned arrows
 s - 18 arrows of dispersal
 z - 2 javelins (quivered)
Armour
 b - a +1 robe (melded)
 v - a +0 cloak (melded)
 B - a steam dragon hide
Jewellery
 n - a ring of poison resistance (left front leg)
Wands
 k - a wand of lightning (9/15)
 t - a wand of random effects (28/48)
 y - a wand of disintegration (19/24)
Scrolls
 e - 2 scrolls of fear
 f - 2 scrolls of remove curse
 g - 2 scrolls of teleportation
 i - a scroll of immolation
 l - 4 scrolls of magic mapping
 o - a scroll of amnesia
 x - 3 scrolls of identify
 A - a scroll of fog
Potions
 h - a potion of heal wounds {unknown}
 j - a potion of magic
 m - 2 potions of brilliance
 u - a potion of mutation {unknown}
Books
 c - a book of Changes

   Spells                             Type                      Level
   a - Beastly Appendage              Transmutation                1
   b - Sticks to Snakes               Transmutation                2
   c - Spider Form                    Transmutation/Poison         3
   d - Ice Form                       Ice/Transmutation            4
   e - Blade Hands                    Transmutation                5
Comestibles
 d - 7 bread rations
 q - 5 meat rations


   Skills:
 * Level 2.2 Fighting
 + Level 2.0 Dodging
 * Level 3.6 Unarmed Combat
 - Level 5.0 Spellcasting
 + Level 9.3 Transmutations
 - Level 2.4 Ice Magic
 - Level 6.1 Poison Magic


You had 5 spell levels left.
You knew the following spells:

 Your Spells              Type           Power        Failure   Level  Hunger
a - Beastly Appendage     Trmt           #####.       2%          1    None
b - Spider Form           Trmt/Pois      #####.....   6%          3    ##.....
c - Blade Hands           Trmt           #####.....   24%         5    #####..
d - Ice Form              Ice/Trmt       ####....     28%         4    ####...


Dungeon Overview and Level Annotations

Branches:
Dungeon (7/15)             Temple (1/1) D:6

Altars:
Ashenzari
Cheibriados
Dithmenos
Fedhas
Gozag
Kikubaaqudgha
Makhleb
Nemelex Xobeh
Okawaru
Pakellas
Qazlal
Ru
Sif Muna
Trog
Vehumet
Xom
Yredelemnul
Zin
The Shining One

Shops:
D:4 ?


Innate Abilities, Weirdness & Mutations

You cannot wear boots.
((Your serpentine skin is tough (AC +3).))
You have supernaturally acute eyesight.
((Armour fits poorly on your strangely shaped body.))
((Your system is resistant to poisons.))
((You cover ground very slowly.))
You have a slow metabolism.
You can spit poison.
((You are partially covered in icy blue scales (AC +1).))


Message History

The centaur shoots a poisoned arrow.
The poisoned arrow hits you!
* * * LOW HITPOINT WARNING * * *
You are more poisoned.
Items here: (( ))) 2 poisoned arrows; a dagger x2 3 stones; a war axe You are too injured to fight recklessly!
You are too injured to fight recklessly!
Drink which item? (? for menu, Esc to quit)
You feel better.
Okay, then.
You hit the centaur but do no damage.
The centaur unwields an uncursed shortbow.
The centaur wields an uncursed short sword.
The centaur hits you with an uncursed short sword.
* * * LOW HITPOINT WARNING * * *
The centaur completely misses you.
You bite the centaur!
The centaur is poisoned.
The centaur is moderately wounded.
The centaur hits you with an uncursed short sword!
You die...

#.# ##'## ♣P.P..♣P♣.#.#
##♣..#
.......♣.P#.####♣....#######
. ♣......PP####P.♣(....(.....
P.♣......♣P.##P♣()♣#)..######
PP........P♣#♣P(♣♣.#....# #
P..........P♣♣(P.###...######
P.[........♣P(♣.#####........
♣...........s(♣###P....######
P♣...§§....cPP# #PP...# #
♣.P..§§....P### ♣##...######
.P.........PP# ##<.......
♣P♣.......P♣..PP♣ #.#######
..........P.P♣P## #.#
#..♣......♣♣#### #.#
#♣P♣......P #.#######
♣P.....P♣.#########........


You could see a centaur.

Vanquished Creatures
  Prince Ribbit (D:5)
  Sigmund (D:2)
  A steam dragon (D:7)
  Duvessa (D:7)
  An orc warrior (D:6)
  2 ogres
  3 phantoms
  3 centaurs
  A giant frog (D:7)
  A big kobold (D:7)
  Dowan (D:7)
  4 killer bees (D:5)
  3 crimson imps
  A centaur zombie (D:6)
  3 hounds
  2 orc priests
  Crazy Yiuf (D:5)
  An iguana (D:4)
  2 orc wizards
  2 worker ants
  A hound zombie (D:5)
  A worker ant zombie (D:5)
  6 adders
  An ooze (D:5)
  5 worms
  4 giant geckos
  14 orcs
  6 giant cockroaches
  9 goblins
  9 hobgoblins
  4 jackals (D:2)
  27 kobolds
  3 quokkas (D:3)
  13 bats
  A giant gecko skeleton (D:4)
  A quokka skeleton (D:5)
  6 rats
146 creatures vanquished.

Vanquished Creatures (collateral kills)
  An adder (D:2)
  A goblin (D:3)
2 creatures vanquished.

Grand Total: 148 creatures vanquished

Notes
Turn   | Place    | Note
--------------------------------------------------------------
     0 | D:1      | wvc the Naga Transmuter began the quest for the Orb.
     0 | D:1      | Reached XP level 1. HP: 18/18 MP: 3/3
   277 | D:1      | Reached XP level 2. HP: 22/25 MP: 3/5
   967 | D:1      | Reached XP level 3. HP: 18/31 MP: 6/6
  1134 | D:1      | Learned a level 3 spell: Spider Form
  1526 | D:1      | Reached skill level 1 in Poison Magic
  1769 | D:2      | Found a faded altar to an unknown god.
  1798 | D:2      | Learned a level 2 spell: Sticks to Snakes
  2229 | D:2      | Noticed Sigmund
  2245 | D:2      | Killed Sigmund
  2245 | D:2      | Reached skill level 6 in Poison Magic
  2245 | D:2      | Reached XP level 4. HP: 20/38 MP: 1/7
  2245 | D:2      | Reached XP level 5. HP: 23/44 MP: 1/8
  2479 | D:2      | Found an ancient bone altar of Kikubaaqudgha.
  2480 | D:2      | Found a blossoming altar of Fedhas.
  2715 | D:3      | Reached XP level 6. HP: 48/51 MP: 9/9
  2728 | D:3      | Found a shattered altar of Ashenzari.
  4279 | D:4      | Learned a level 4 spell: Ice Form
  4409 | D:4      | Found a shadowy altar of Dithmenos.
  4409 | D:4      | Found a shimmering altar of Xom.
  4532 | D:4      | Found Yriav's Magic Scroll Shoppe.
  4553 | D:4      | Bought a scroll of identify for 28 gold pieces
  4553 | D:4      | Bought a scroll of teleportation for 42 gold pieces
  4553 | D:4      | Bought a scroll of identify for 28 gold pieces
  4553 | D:4      | Bought a scroll of magic mapping for 49 gold pieces
  4560 | D:4      | Gained mutation: You are partially covered in icy blue scales (AC +1). [potion of beneficial mutation]
  5078 | D:5      | Entered Level 5 of the Dungeon
  5109 | D:5      | Noticed a phantom
  5141 | D:5      | Killed a phantom
  5141 | D:5      | Reached XP level 7. HP: 10/57 MP: 7/12
  5569 | D:5      | Reached skill level 1 in Ice Magic
  5582 | D:5      | Noticed Prince Ribbit
  5604 | D:5      | Killed Prince Ribbit
  5604 | D:5      | Reached skill level 5 in Transmutations
  6000 | D:5      | Reached XP level 8. HP: 51/64 MP: 7/14
  6892 | D:5      | Noticed Crazy Yiuf
  6902 | D:5      | Killed Crazy Yiuf
  6967 | D:6      | Reached skill level 5 in Spellcasting
  6967 | D:6      | Reached skill level 7 in Transmutations
  7791 | D:6      | Found a burning altar of Makhleb.
  7847 | D:6      | Found a staircase to the Ecumenical Temple.
  7858 | Temple   | Entered the Ecumenical Temple
  7918 | Temple   | Became a worshipper of Cheibriados the Contemplative
  7962 | D:6      | Found a sacrificial altar of Ru.
  7965 | D:6      | Found a glowing golden altar of the Shining One.
  7967 | D:6      | Found a radiant altar of Vehumet.
  7967 | D:6      | Found a sparkling altar of Nemelex Xobeh.
  7969 | D:6      | Found a basalt altar of Yredelemnul.
  7971 | D:6      | Found a bloodstained altar of Trog.
  8156 | D:6      | Reached skill level 8 in Transmutations
  8168 | D:6      | Reached XP level 9. HP: 35/70 MP: 12/16
  8479 | D:6      | You fall through a shaft!
  8544 | D:7      | Learned a level 5 spell: Blade Hands
  8645 | D:7      | Reached * piety under Cheibriados
  8855 | D:7      | Reached skill level 9 in Transmutations
  9561 | D:7      | Noticed Duvessa
  9567 | D:7      | Noticed Dowan
  9573 | D:7      | Killed Duvessa
  9576 | D:7      | Killed Dowan
 10088 | D:7      | Slain by a centaur

Vault maps used:
D:1:      dpeg_arrival_refuge
D:2:      grunt_temple_overflow_growth_and_decay, ecumenical_altar_1,
          kennysheep_generic_room_13, uniq_sigmund
D:3:      supply_closet_lemuel, nicolae_ashenzari_panopticon
D:4:      gammafunk_temple_overflow_wave, serial_shops, shop_coins, first_bread
D:5:      uniq_crazy_yiuf_cottage, uniq_prince_ribbit1
D:6:      grunt_temple_overflow_open, temple_fountains, hangedman_decor_growths,
          makhleb_heckhound_becter
D:7:      kennysheep_kobold_camp, uniq_duvessa
Temple:   circular_temple_pool_8

Action                   |  1- 3 |  4- 6 |  7- 9 || total
-------------------------+-------+-------+-------++-------
Melee: Unarmed           |   149 |   191 |   334 ||   674
 Cast: Beastly Appendage |    19 |     7 |     2 ||    28
       Spider Form       |     2 |    14 |    19 ||    35
       Sticks to Snakes  |     1 |     1 |       ||     2
       Ice Form          |       |       |     9 ||     9
       Blade Hands       |       |       |     4 ||     4
 Abil: Spit Poison       |     3 |     2 |     3 ||     8
       End Transformatio |       |       |     1 ||     1
  Use: Scroll            |       |    11 |     4 ||    15
       Potion            |       |     1 |     3 ||     4
 Stab: Distracted        |       |     1 |       ||     1
  Eat: Chunk             |     3 |     9 |     4 ||    16
       Pizza             |       |     1 |       ||     1
       Meat ration       |       |       |     2 ||     2
       Beef jerky        |       |       |     1 ||     1
